 Dungeon Crawl Stone Soup version 0.30-a0-738-g116ff8c4af (webtiles) character file.

Game seed: 2766276634091726844

95 IdlyInterested the Cudgeller (level 4, 0/33 HPs)
             Began as a Demonspawn Gladiator on Feb 3, 2023.
             Slain by an orc priest
             ... wielding a +0 flail
              (7 damage)
             ... on level 3 of the Dungeon.
             The game lasted 00:06:17 (2186 turns).

IdlyInterested the Cudgeller (Demonspawn Gladiator) Turns: 2186, Time: 00:06:18

Health: 0/33       AC:  6    Str: 16    XL:     4   Next: 40%
Magic:  4/4        EV: 12    Int:  9    God:
Gold:   119        SH:  0    Dex: 15    Spells: 4/4 levels left

rFire   . . .      SeeInvis .    a - +0 flail
rCold   . . .      Faith    .    (no shield)
rNeg    . . .      Spirit   .    g - +0 ring mail
rPois   +          Reflect  .    c - +0 helmet
rElec   .          Harm     .    (no cloak)
rCorr   .          Rampage  .    (no gloves)
Will    +....                    (no boots)
Stlth   +                        (no amulet)
HPRegen 0.25/turn                f - ring of willpower
MPRegen 0.18/turn                r - ring of poison resistance

@: mighty
A: powered by pain 1, magic regeneration, sturdy frame 1
a: no special abilities


You were on level 3 of the Dungeon.
You visited 1 branch of the dungeon, and saw 3 of its levels.

You collected 119 gold pieces.

Inventory:

Hand Weapons
 a - a +0 flail (weapon)
Missiles
 d - 4 throwing nets
 e - a javelin
 i - 6 boomerangs (quivered)
 j - 21 stones
 m - 12 poisoned darts
Armour
 b - a +0 leather armour
 c - a +0 helmet (worn)
 g - a +0 ring mail (worn)
Magical Staves
 k - a staff of death
 t - a staff of poison
Jewellery
 f - a ring of willpower (left hand)
 r - a ring of poison resistance (right hand)
Scrolls
 q - a scroll of enchant weapon {unknown}
Potions
 h - a potion of brilliance
 n - a potion of curing
 o - a potion of attraction {unknown}
 p - a potion of invisibility {unknown}
 s - a potion of flight {unknown}


   Skills:
 - Level 2.0 Fighting
 * Level 4.1 Maces & Flails
 - Level 1.7 Throwing
 - Level 1.0 Armour
 - Level 2.6 Dodging
 + Level 0.6 Spellcasting
 - Level 1.0 Necromancy
 - Level 1.0 Evocations


You had 4 spell levels left.
You didn't know any spells.
Your spell library contained the following spells:

 Spells                   Type           Power      Damage    Failure   Level
 Cigotuvi's Dreadful Rot  Necr/Pois/Air  0%         N/A       56%         2
 Blink                    Tloc           0%         N/A       63%         2
 Lesser Beckoning         Tloc           0%         N/A       63%         2
 Momentum Strike          Conj/Tloc      0%         3d8       63%         2
 Poisonous Vapours        Pois/Air       0%         N/A       63%         2
 Mephitic Cloud           Conj/Pois/Air  0%         N/A       85%         3


Dungeon Overview and Level Annotations

Branches:
Dungeon (3/15)

Altars:

Annotations:
D:3 Grinder


Innate Abilities, Weirdness & Mutations

You sometimes gain a little power by taking damage.
You regenerate magic rapidly.
Your movements are slightly less encumbered by armour. (ER -2)


Message History

The adder bites you. The adder barely misses you.
The orc attacks as you move away! The orc barely misses you.
The orc hits you with a +0 hand axe. The adder attacks as you move away!
The adder closely misses you. The orc attacks as you move away!
The orc barely misses you.
The orc priest looks satisfied for a moment.
The orc priest mumbles some strange prayers to Beogh against you.
Beogh smites you!
You focus on the pain.
You feel mightier all of a sudden. The adder attacks as you move away!
The adder bites you but does no damage. The adder bites you.
* * * LOW HITPOINT WARNING * * *
The adder bites you but does no damage. The adder attacks as you move away!
The adder bites you.
* * * LOW HITPOINT WARNING * * *
You are poisoned.
The adder poisons you!
You feel sick.
You feel sick. The adder attacks as you move away!
The adder closely misses you.
You feel sick.
You feel better. The adder bites you. The adder bites you but does no damage.
You closely miss the adder.
The adder is lightly wounded.
The adder closely misses you.
You sock the adder!
You kill the adder!
The orc hits you but does no damage.
You closely miss the orc. The orc hits you but does no damage.
You closely miss the orc. The orc barely misses you.
You sock the orc!
You kill the orc!
You barely miss the orc priest.
The orc priest hits you but does no damage.
The orc priest looks encouraged for a moment.
You hit the orc priest.
The orc priest is lightly wounded.
The orc priest hits you with a +0 flail!
* * * LOW HITPOINT WARNING * * *
The orc priest hits you with a +0 flail!
You die...

#....#).#####.###....>...
#....#..# #..##.5#.....
#....#..####..<..........
#...........o.##.#.......
#.....#..##>o#...#.>...5.
......##......#.###.....).
.#....####......# .......
.#....#...†...o#####..)...
#......#.....ro@........).
####..##.#.#.o######### .#
#.##........###### ..#
#.............###.##
.....................
...#.................#
##....##..####..P.....##.#
#. .... #..
#B.####..##.####... .#. ..
#..#.)#.............


You could see 2 orc priests, an orc and a rat.

Vanquished Creatures
  4 adders
  2 worms (D:2)
  A dart slug (D:2)
  5 orcs
  2 endoplasms (D:1)
  A giant cockroach (D:3)
  8 goblins
  3 hobgoblins
  3 jackals (D:2)
  A quokka (D:2)
  3 ball pythons
  7 bats
  A frilled lizard (D:1)
  4 kobolds
  4 rats
49 creatures vanquished.

Vanquished Creatures (others)
  A plant (D:3)
1 creature vanquished.

Grand Total: 50 creatures vanquished

Notes
Turn   | Place    | Note
-------+----------+-------------------------------------------
     0 | D:1      | IdlyInterested the Demonspawn Gladiator began the quest for
                  | the Orb.
     0 | D:1      | Reached XP level 1. HP: 16/16 MP: 1/1
   241 | D:1      | Reached skill level 3 in Maces & Flails
   316 | D:1      | Gained mutation: You regenerate magic rapidly. [demonic
                  | ancestry]
   316 | D:1      | Reached XP level 2. HP: 21/22 MP: 2/2
   867 | D:2      | Reached skill level 1 in Armour
   960 | D:2      | Gained mutation: Your movements are slightly less
                  | encumbered by armour. (ER -2) [demonic ancestry]
   960 | D:2      | Reached XP level 3. HP: 19/27 MP: 3/3
  1037 | D:2      | Reached skill level 1 in Evocations
  1713 | D:3      | Noticed Grinder
  1780 | D:3      | Reached skill level 1 in Necromancy
  1958 | D:3      | Gained mutation: You sometimes gain a little power by
                  | taking damage. [demonic ancestry]
  1958 | D:3      | Reached XP level 4. HP: 31/33 MP: 4/4
  1973 | D:3      | Reached skill level 4 in Maces & Flails
  2186 | D:3      | Slain by an orc priest

Illustrated notes

Levels and vault maps discovered:
D:1:      saegor_arrival_simple_c, layout_loops_ring, serial_glass,
          glass_columns_a, glass_columns_b, glass_columns_a, glass_columns_b
D:2:      layout_basic, serial_glass, glass_columns_a, glass_columns_c,
          glass_columns_c, glass_columns_c, chequers_serial_rivers_large_a
D:3:      corexii_shack_village, layout_rooms, mainiacjoe_overflow_alcove_2,
          zin_scriptorium, uniq_grinder

Skill      XL: |  1  2  3  4 |
---------------+-------------+-----
Maces & Flails | 3 4 |  4.1
Armour         | 1 |  1.0
Evocations     | 1 |  1.0
Necromancy     | 1 |  1.0
Fighting       | |  2.0
Throwing       | |  1.7
Dodging        | |  2.6
Spellcasting   | |  0.6

Action                     |  1- 3 |  4- 6 || total
---------------------------+-------+-------++-------
  Melee: Flail             |   102 |    64 ||   166
         Punch             |     1 |     2 ||     3
  Throw: Boomerang         |     4 |       ||     4
    Use: Scroll            |     6 |       ||     6
         Potion            |       |     3 ||     3
 Armour: Ring mail         |    54 |    27 ||    81
  Dodge: Dodged            |    73 |    69 ||   142

Table legend: (Time is in decaauts)
 A = Elapsed time spent in this place.
 B = Non-inter-level travel time spent in this place.
 C = Inter-level travel time spent in this place.
 D = Time resting spent in this place.
 E = Time spent auto-exploring this place.
 F = Levels seen in this place.
 G = Mean time per level.
                   A        B        C        D        E       F      G
               +--------+--------+--------+--------+--------+-----+--------+
         Total |   2242 |   1866 |    376 |    122 |   1126 |   3 |  747.3 |
       Dungeon |   2242 |   1866 |    376 |    122 |   1126 |   3 |  747.3 |
               +--------+--------+--------+--------+--------+-----+--------+

Top non-repeatable levels by time:
     D:2: 1179 daAuts
     D:1: 783 daAuts
     D:3: 279 daAuts
